 Dungeon Crawl Stone Soup version 0.22-a0-362-g535178c (webtiles) character file.

9737 grindst0ne the Martial Artist (level 11, -4/83 HPs)
             Began as a Gnoll Transmuter on Apr 19, 2018.
             Was a High Priest of Cheibriados.
             Slain by an orc warrior
             ... wielding a +0 halberd
              (20 damage)
             ... on level 11 of the Dungeon.
             The game lasted 00:21:14 (10359 turns).

grindst0ne the Martial Artist (Gnoll Transmuter)   Turns: 10359, Time: 00:21:15

Health: -4/83      AC: 15    Str: 29    XL:     11   Next: 51%
Magic:  23/23      EV: 20    Int: 28    God:    Cheibriados [*****.]
Gold:   484        SH:  0    Dex: 27    Spells: 12/26 levels left

rFire    + . .     SeeInvis +   x - staff of fire
rCold    . . .     Gourm    .   (no shield)
rNeg     . . .     Faith    .   w - +3 leather armour of the Heron {rElec Regen+ Str+3 Int-2 SInv}
rPois    .         Spirit   .   s - +0 hat {SInv}
rElec    +         Reflect  .   (no cloak)
rCorr    .         Harm     .   u - +2 pair of gloves
MR       +....                  z - +1 pair of boots {Fly}
Stlth    ++++......             (no amulet)
HPRegen  0.63/turn              n - ring of protection from magic
MPRegen  0.18/turn              y - +3 ring of protection

@: flying, very slow
A: distributed training, fangs 1, strong nose
a: Bend Time, Temporal Distortion, Slouch, Step From Time, Renounce Religion,
Stop Flying


You were on level 11 of the Dungeon.
You worshipped Cheibriados.
Cheibriados was extremely pleased with you.
You were not hungry.

You visited 1 branch of the dungeon, and saw 11 of its levels.

You collected 665 gold pieces.
You spent 181 gold pieces at shops.

Inventory:

Missiles
 a - 232 arrows
 e - 10 tomahawks (quivered)
Armour
 s - a +0 hat of see invisible (worn)
 u - a +2 pair of gloves (worn)
 w - the +3 leather armour of the Heron (worn) {rElec Regen+ Str+3 Int-2 SInv}
   (You found it on level 10 of the Dungeon)

   It affects your strength (+3).
   It affects your intelligence (-2).
   It insulates you from electricity.
   It lets you see invisible.
   It increases your rate of regeneration.
 z - a +1 pair of boots of flying (worn)
 L - a +1 robe of cold resistance
Magical Staves
 x - an uncursed staff of fire (weapon)
Jewellery
 b - an uncursed ring of ice
 j - an uncursed ring of wizardry
 n - a ring of protection from magic (left hand)
 y - a +3 ring of protection (right hand)
 B - an uncursed ring of magical power
 F - an uncursed ring of poison resistance
Wands
 q - a wand of iceblast (19)
 H - a wand of digging (26)
 J - a wand of acid (2)
Scrolls
 c - 7 scrolls of teleportation
 f - 2 scrolls of magic mapping {unknown}
 g - 4 scrolls of fog {unknown}
 h - 3 scrolls of fear {unknown}
 k - 2 scrolls of enchant armour {unknown}
 l - 7 scrolls of enchant weapon {unknown}
 m - 10 scrolls of remove curse
 p - 2 scrolls of amnesia {unknown}
 t - 3 scrolls of blinking {unknown}
 A - 3 scrolls of immolation {unknown}
 C - a scroll of random uselessness {unknown}
Potions
 i - a potion of curing
 o - 2 potions of might
 r - a potion of brilliance
 v - 2 potions of resistance
 D - a potion of invisibility
 G - 2 potions of mutation
 I - a potion of agility
 K - a potion of lignification {unknown}
 M - a potion of degeneration {unknown}
Comestibles
 d - 23 rations
 E - 3 chunks of flesh


   Skills:
 + Level 6.8 Fighting
 + Level 6.2 Short Blades
 + Level 6.2 Long Blades
 + Level 6.2 Axes
 + Level 6.2 Maces & Flails
 + Level 6.2 Polearms
 + Level 6.2 Staves
 + Level 6.2 Slings
 + Level 6.2 Bows
 + Level 6.2 Crossbows
 + Level 6.2 Throwing
 + Level 6.2 Armour
 + Level 7.8 Dodging
 + Level 6.2 Stealth
 + Level 6.2 Shields
 + Level 9.1 Unarmed Combat
 + Level 8.1 Spellcasting
 + Level 5.1 Conjurations
 + Level 5.1 Hexes
 + Level 5.1 Charms
 + Level 5.1 Summonings
 + Level 5.1 Necromancy
 + Level 5.1 Translocations
 + Level 6.5 Transmutations
 + Level 5.1 Fire Magic
 + Level 5.1 Ice Magic
 + Level 5.1 Air Magic
 + Level 5.1 Earth Magic
 + Level 5.1 Poison Magic
 + Level 6.8 Invocations
 + Level 6.2 Evocations


You had 12 spell levels left.
You knew the following spells:

 Your Spells              Type           Power        Failure   Level  Hunger
a - Beastly Appendage     Tmut           #####.       1%          1    None
b - Sticks to Snakes      Tmut           #####...     1%          2    None
c - Spider Form           Tmut/Pois      #####.....   1%          3    None
d - Blade Hands           Tmut           #####.....   11%         5    ####...
e - Lesser Beckoning      Tloc           #####.....   1%          3    None


Dungeon Overview and Level Annotations

Branches:
Dungeon (11/15)            Temple (0/1) D:6            Lair (0/6) D:8
    Orc (0/2) D:10

Altars:
Ashenzari
Cheibriados
Dithmenos
Elyvilon
Fedhas
Hepliaklqana
Kikubaaqudgha
Makhleb
Nemelex Xobeh
Ru
Uskayaw
Vehumet
Wu Jian
Zin
Beogh

Shops:
D:5 [   D:8 %


Innate Abilities, Weirdness & Mutations

Your experience applies equally to all skills.
You have very sharp teeth.
Your uncanny sense of smell can sniff out nearby items.


Message History

Cheibriados thoroughly appreciates the change of pace.
The orc priest looks encouraged for a moment.
The orc warrior hits you with a halberd!
Your transformation is almost over.
The orc warrior closely misses you.
The orc warrior hits you but does no damage.
The orc warrior completely misses you. The orc completely misses you.
The orc warrior barely misses you.
The orc priest mumbles some strange prayers to Beogh against you.
Beogh smites you!
* * * LOW HITPOINT WARNING * * *
The orc warrior hits you from afar with a halberd.
* * * LOW HITPOINT WARNING * * *
Your hands revert to their normal proportions.
Your uncursed staff of fire unmelds from your body.
Your +2 pair of gloves unmelds from your body.
There is an open door here.
The orc warrior hits you but does no damage.
The orc warrior hits you from afar with a halberd!!
You die...

##########+## #......... ##..#
########+# #..## #. ### ####.##
.. ..# #....# ###'### ..#
####'######## o...$.. ..#
#..)........######o._.... ..#
#...........##.ooo).o?...
..#####.........@.ooo###ooo....
......'......<....####


oo..... ..#####...........# ####### ### ############# You could see 2 orc
warriors, an orc priest and 3 orcs.

Vanquished Creatures
  Erolcha (D:11)
  Fannar (D:10)
  A two-headed ogre (D:8)
  Urug (D:10)
  An unseen horror (D:11)
  An ugly thing (D:11)
  A hornet (D:8)
  5 hippogriffs
  A spriggan (D:9)
  6 yaks (D:10)
  2 steam dragons
  A hungry ghost (D:6)
  A sky beast (D:5)
  An ice beast (D:7)
  2 black bears
  9 ogres
  2 orc warriors
  3 phantoms
  An eye of draining (D:9)
  2 necrophages
  2 centaurs
  A big kobold (D:11)
  2 bullfrogs
  A water moccasin skeleton (D:9)
  2 scorpions
  2 wights
  A howler monkey (D:7)
  A bullfrog zombie (D:7)
  5 crimson imps
  A gnoll shaman (D:4)
  3 jellies
  4 orc priests
  4 hounds
  9 orc wizards
  2 bullfrog skeletons
  4 iguanas
  4 worker ants
  2 hound zombies
  A howler monkey zombie (D:6)
  A worker ant zombie (D:6)
  7 gnolls
  11 adders
  2 shadow imps
  2 adder zombies
  An adder skeleton (D:4)
  4 worms
  A dart slug (D:1)
  5 leopard geckos
  46 orcs
  A ball python (D:1)
  9 bats
  7 giant cockroaches
  11 goblins
  5 hobgoblins
  6 jackals
  5 quokkas
  7 frilled lizards
  7 kobolds
  9 rats
241 creatures vanquished.

Vanquished Creatures (collateral kills)
  A wight (D:10)
  2 orcs (D:9)
3 creatures vanquished.

Vanquished Creatures (others)
  A quokka (D:4)
  A ball python (D:3)
2 creatures vanquished.

Grand Total: 246 creatures vanquished

Notes
Turn   | Place    | Note
-------+----------+-------------------------------------------
     0 | D:1      | grindst0ne the Gnoll Transmuter began the quest for the Orb.
     0 | D:1      | Reached XP level 1. HP: 17/17 MP: 6/6
     0 | D:1      | Noticed a large abomination
     0 | D:1      | Noticed an ice dragon
     2 | D:1      | Noticed a tentacled monstrosity
     6 | D:1      | Noticed a white draconian
     7 | D:1      | Noticed an orb of fire
    10 | D:1      | Noticed an iron dragon
    14 | D:1      | Noticed a yellow draconian
    16 | D:1      | Noticed a green draconian
    16 | D:1      | Noticed an iron dragon
    18 | D:1      | Noticed a white draconian
    18 | D:1      | Noticed an ice dragon
    20 | D:1      | Noticed a large abomination
   252 | D:1      | Reached XP level 2. HP: 23/23 MP: 7/7
   488 | D:1      | Reached XP level 3. HP: 28/28 MP: 9/9
   595 | D:1      | Reached skill level 5 in Spellcasting
  1077 | D:2      | Reached skill level 1 in Invocations
  1397 | D:2      | Found an ancient bone altar of Kikubaaqudgha.
  1500 | D:2      | Reached skill level 1 in Short Blades
  1500 | D:2      | Reached skill level 1 in Long Blades
  1500 | D:2      | Reached skill level 1 in Axes
  1500 | D:2      | Reached skill level 1 in Maces & Flails
  1500 | D:2      | Reached skill level 1 in Polearms
  1500 | D:2      | Reached skill level 1 in Staves
  1500 | D:2      | Reached skill level 1 in Slings
  1500 | D:2      | Reached skill level 1 in Bows
  1500 | D:2      | Reached skill level 1 in Crossbows
  1500 | D:2      | Reached skill level 1 in Throwing
  1500 | D:2      | Reached skill level 1 in Armour
  1500 | D:2      | Reached skill level 1 in Stealth
  1500 | D:2      | Reached skill level 1 in Shields
  1500 | D:2      | Reached skill level 1 in Evocations
  1524 | D:2      | Reached XP level 4. HP: 21/34 MP: 11/11
  1647 | D:2      | Learned a level 2 spell: Sticks to Snakes
  1651 | D:2      | Learned a level 3 spell: Spider Form
  1764 | D:3      | Found a radiant altar of Vehumet.
  1860 | D:3      | Reached skill level 1 in Conjurations
  1860 | D:3      | Reached skill level 1 in Hexes
  1860 | D:3      | Reached skill level 1 in Charms
  1860 | D:3      | Reached skill level 1 in Summonings
  1860 | D:3      | Reached skill level 1 in Necromancy
  1860 | D:3      | Reached skill level 1 in Translocations
  1860 | D:3      | Reached skill level 1 in Fire Magic
  1860 | D:3      | Reached skill level 1 in Ice Magic
  1860 | D:3      | Reached skill level 1 in Air Magic
  1860 | D:3      | Reached skill level 1 in Earth Magic
  1860 | D:3      | Reached skill level 1 in Poison Magic
  2433 | D:3      | Reached XP level 5. HP: 40/40 MP: 12/12
  2595 | D:4      | Found a snail-covered altar of Cheibriados.
  2610 | D:4      | Became a worshipper of Cheibriados the Contemplative
  2645 | D:4      | Found a blossoming altar of Fedhas.
  2653 | D:4      | Noticed an ogre
  2658 | D:4      | Killed an ogre
  2658 | D:4      | Reached XP level 6. HP: 35/47 MP: 10/14
  2728 | D:4      | Reached skill level 5 in Dodging
  3086 | D:4      | Reached XP level 7. HP: 34/52 MP: 12/15
  3119 | D:4      | Found a sparkling altar of Nemelex Xobeh.
  3140 | D:4      | Found a white marble altar of Elyvilon.
  3344 | D:5      | Entered Level 5 of the Dungeon
  3344 | D:5      | Found Fots's Armour Boutique.
  3359 | D:5      | Reached skill level 7 in Unarmed Combat
  3365 | D:5      | Bought a +1 pair of boots of flying for 181 gold pieces
  3425 | D:5      | Reached * piety under Cheibriados
  3426 | D:5      | Found a shattered altar of Ashenzari.
  3466 | D:5      | HP: 2/52 [orc/short sword (8)]
  3996 | D:5      | Reached XP level 8. HP: 60/60 MP: 12/16
  4080 | D:5      | Reached ** piety under Cheibriados
  4102 | D:5      | Found a hazy altar of Hepliaklqana.
  4471 | D:6      | Learned a level 5 spell: Blade Hands
  4602 | D:6      | Found a staircase to the Ecumenical Temple.
  4928 | D:6      | Found an ornate altar of the Wu Jian Council.
  4956 | D:6      | Found a glowing silver altar of Zin.
  4956 | D:6      | Found a burning altar of Makhleb.
  4957 | D:6      | Noticed a blizzard demon
  4957 | D:6      | Noticed an angel
  5301 | D:7      | Found a shadowy altar of Dithmenos.
  5377 | D:7      | Reached *** piety under Cheibriados
  5388 | D:7      | Found a hide-covered altar of Uskayaw.
  5391 | D:7      | Reached XP level 9. HP: 61/66 MP: 15/18
  5498 | D:7      | Reached skill level 5 in Transmutations
  5776 | D:7      | Reached skill level 5 in Fighting
  6132 | D:8      | Noticed a two-headed ogre
  6138 | D:8      | Killed a two-headed ogre
  6138 | D:8      | Reached skill level 8 in Unarmed Combat
  6138 | D:8      | Reached skill level 5 in Invocations
  6162 | D:8      | Reached XP level 10. HP: 22/73 MP: 17/20
  6776 | D:8      | Found Cogiosucs's Food Emporium.
  6983 | D:8      | Reached **** piety under Cheibriados
  6984 | D:8      | Reached skill level 5 in Short Blades
  6984 | D:8      | Reached skill level 5 in Long Blades
  6984 | D:8      | Reached skill level 5 in Axes
  6984 | D:8      | Reached skill level 5 in Maces & Flails
  6984 | D:8      | Reached skill level 5 in Polearms
  6984 | D:8      | Reached skill level 5 in Staves
  6984 | D:8      | Reached skill level 5 in Slings
  6984 | D:8      | Reached skill level 5 in Bows
  6984 | D:8      | Reached skill level 5 in Crossbows
  6984 | D:8      | Reached skill level 5 in Throwing
  6984 | D:8      | Reached skill level 5 in Armour
  6984 | D:8      | Reached skill level 5 in Stealth
  6984 | D:8      | Reached skill level 5 in Shields
  6984 | D:8      | Reached skill level 5 in Evocations
  7208 | D:8      | Found a shadowy altar of Dithmenos.
  7231 | D:8      | Found a staircase to the Lair.
  8366 | D:10     | Entered Level 10 of the Dungeon
  8638 | D:10     | Learned a level 3 spell: Lesser Beckoning
  8640 | D:10     | Got a pitted leather armour
  8651 | D:10     | Identified the +3 leather armour of the Heron {rElec Regen+ Str+3 Int-2 SInv} (You found it on level 10 of the Dungeon)
  8691 | D:10     | HP: 3/76 [yak (7)]
  8982 | D:10     | Found a staircase to the Orcish Mines.
  9145 | D:10     | Reached ***** piety under Cheibriados
  9190 | D:10     | Reached XP level 11. HP: 82/82 MP: 19/22
  9326 | D:11     | Noticed Fannar
  9326 | D:11     | Noticed Urug
  9354 | D:10     | Killed Urug
  9587 | D:10     | Killed Fannar
  9587 | D:10     | Reached skill level 9 in Unarmed Combat
  9752 | D:11     | Noticed an unseen horror
  9788 | D:11     | Killed an unseen horror
  9788 | D:11     | Reached skill level 5 in Conjurations
  9788 | D:11     | Reached skill level 5 in Hexes
  9788 | D:11     | Reached skill level 5 in Charms
  9788 | D:11     | Reached skill level 5 in Summonings
  9788 | D:11     | Reached skill level 5 in Necromancy
  9788 | D:11     | Reached skill level 5 in Translocations
  9788 | D:11     | Reached skill level 5 in Fire Magic
  9788 | D:11     | Reached skill level 5 in Ice Magic
  9788 | D:11     | Reached skill level 5 in Air Magic
  9788 | D:11     | Reached skill level 5 in Earth Magic
  9788 | D:11     | Reached skill level 5 in Poison Magic
  9848 | D:11     | Found a sacrificial altar of Ru.
 10195 | D:11     | Noticed a purple ugly thing
 10206 | D:11     | Killed a purple ugly thing
 10264 | D:11     | Noticed Erolcha
 10274 | D:11     | Killed Erolcha
 10336 | D:11     | Found a roughly hewn altar of Beogh.
 10359 | D:11     | Slain by an orc warrior

Vault maps used:
D:1:      shiori_arrival_whats_in_store_for_you
D:2:      lemuel_coloured_pillars_altar, first_ration
D:3:      fiery_altar_vehumet, hex_large
D:4:      elyvilon_altar_4, cheibriados_altar_1, lemuel_crystal_altar,
          nemelex_xobeh_ov_fountains_minmay, st_stairs_10
D:5:      overflow_temple_1_default, serial_shops, nicolae_shop_trees,
          ashenzari_altar_1
D:6:      grunt_temple_overflow_order_and_chaos_2, kennysheep_little_box,
          minmay_temple_entry_large_hall
D:7:      eat_drink_and_be_merry_uskayaw, basic_altar
D:8:      kennysheep_mini_moat, lair_entry_dummy, serial_shops, kennysheep_mini
D:9:      the_bakery
D:10:     orc_0_dummy
D:11:     hangedman_ru_absence, uniq_fannar, uniq_urug, uniq_erolcha

Skill      XL: |  1  2  3  4  5  6  7  8  9 10 11 |
---------------+----------------------------------+-----
Spellcasting   | 5 6 7 8 |  8.1
Invocations    | 1 2 3 4 5 6 |  6.8
Short Blades   | 1 2 3 4 5 6 |  6.2
Long Blades    | 1 2 3 4 5 6 |  6.2
Axes           | 1 2 3 4 5 6 |  6.2
Maces & Flails | 1 2 3 4 5 6 |  6.2
Polearms       | 1 2 3 4 5 6 |  6.2
Staves         | 1 2 3 4 5 6 |  6.2
Slings         | 1 2 3 4 5 6 |  6.2
Bows           | 1 2 3 4 5 6 |  6.2
Crossbows      | 1 2 3 4 5 6 |  6.2
Throwing       | 1 2 3 4 5 6 |  6.2
Armour         | 1 2 3 4 5 6 |  6.2
Stealth        | 1 2 3 4 5 6 |  6.2
Shields        | 1 2 3 4 5 6 |  6.2
Evocations     | 1 2 3 4 5 6 |  6.2
Conjurations   | 1 2 3 4 5 |  5.1
Hexes          | 1 2 3 4 5 |  5.1
Charms         | 1 2 3 4 5 |  5.1
Summonings     | 1 2 3 4 5 |  5.1
Necromancy     | 1 2 3 4 5 |  5.1
Translocations | 1 2 3 4 5 |  5.1
Fire Magic     | 1 2 3 4 5 |  5.1
Ice Magic      | 1 2 3 4 5 |  5.1
Air Magic      | 1 2 3 4 5 |  5.1
Earth Magic    | 1 2 3 4 5 |  5.1
Poison Magic   | 1 2 3 4 5 |  5.1
Fighting       | 3 4 5 6 |  6.8
Transmutations | 4 5 6 |  6.5
Dodging        | 5 6 7 |  7.8
Unarmed Combat | 7 8 9 |  9.1

Action                   |  1- 3 |  4- 6 |  7- 9 | 10-12 || total
-------------------------+-------+-------+-------+-------++-------
Melee: Unarmed           |   125 |   117 |   263 |   212 ||   717
       Bite              |    10 |       |     9 |     4 ||    23
       Punch             |     2 |     4 |     2 |     1 ||     9
       Headbutt          |     1 |       |       |       ||     1
       Staff             |       |       |    52 |    21 ||    73
 Cast: Beastly Appendage |     1 |       |       |       ||     1
       Spider Form       |       |    13 |    39 |    27 ||    79
       Sticks to Snakes  |       |       |     1 |     8 ||     9
       Blade Hands       |       |       |       |     3 ||     3
Evoke: Wand              |       |       |     1 |    12 ||    13
  Use: Potion            |       |       |     1 |    11 ||    12
       Scroll            |       |       |    10 |     2 ||    12
 Stab: Sleeping          |     6 |     1 |     4 |     3 ||    14
       Distracted        |     1 |       |     1 |       ||     2
       Paralysed         |       |       |     4 |     2 ||     6
       Invisible         |       |       |       |     1 ||     1
  Eat: Chunk             |     2 |     6 |     8 |     7 ||    23
Armor: Robe              |    17 |     7 |    11 |       ||    35
       Skin              |       |     5 |     9 |    11 ||    25
       Leather armour    |       |       |       |    15 ||    15
Dodge: Dodged            |    93 |   128 |   313 |   329 ||   863

Table legend:
 A = Spawn XP
 B = Non-spawn XP
 C = Spawn XP percentage of total XP
 D = Spawn monster count
 E = Non-spawn monster count
 F = Spawn count percentage of total count
 G = Total turns spent on level
                    A         B        C        D         E        F      G
               +---------+---------+-------+---------+---------+-------+---------
         Total |       0 |   13911 |   0.0 |       0 |     244 |   0.0 | 10359
               +---------+---------+-------+---------+---------+-------+---------
           D:1 |       0 |      47 |   0.0 |       0 |      27 |   0.0 |   894
           D:2 |       0 |      35 |   0.0 |       0 |      15 |   0.0 |   746
           D:3 |       0 |      83 |   0.0 |       0 |      25 |   0.0 |   897
           D:4 |       0 |     549 |   0.0 |       0 |      17 |   0.0 |   807
           D:5 |       0 |     719 |   0.0 |       0 |      38 |   0.0 |  1089
           D:6 |       0 |     568 |   0.0 |       0 |      11 |   0.0 |   639
           D:7 |       0 |    1604 |   0.0 |       0 |      35 |   0.0 |   984
           D:8 |       0 |    2261 |   0.0 |       0 |      14 |   0.0 |  1359
           D:9 |       0 |    1063 |   0.0 |       0 |      17 |   0.0 |   951
          D:10 |       0 |    4165 |   0.0 |       0 |      23 |   0.0 |  1367
          D:11 |       0 |    2817 |   0.0 |       0 |      22 |   0.0 |   626
               +---------+---------+-------+---------+---------+-------+---------
